 Dungeon Crawl Stone Soup version 0.21.1-1-g345015f (webtiles) character file.

10 shakethe the Skirmisher (level 2, 24/24 HPs)
             Began as a Demonspawn Fighter on Feb 18, 2018.
             Quit the game on level 1 of the Dungeon.
             The game lasted 00:00:26 (249 turns).

shakethe the Skirmisher (Demonspawn Fighter)         Turns: 249, Time: 00:00:27

Health: 24/24      AC:  6    Str: 16    XL:     2   Next: 10%
Magic:  2/2        EV:  6    Int:  9    God:
Gold:   28         SH:  8    Dex: 12    Spells: 1/1 levels left

rFire    . . .     SeeInvis .   a - +0 war axe
rCold    . . .     Gourm    .   c - +0 shield
rNeg     . . .     Faith    .   b - +0 scale mail
rPois    .         Spirit   +   (no helmet)
rElec    .         Reflect  .   (no cloak)
rCorr    .         Harm     .   (no gloves)
MR       .....                  (no boots)
Stlth    ..........             (no amulet)
HPRegen  0.08/turn              (no ring)
MPRegen  0.08/turn              (no ring)

@: no status effects
A: magic shield
a: no special abilities


You were on level 1 of the Dungeon.
You were not hungry.

You visited 1 branch of the dungeon, and saw 1 of its levels.

You collected 28 gold pieces.

Inventory:

Hand Weapons
 a - a +0 war axe (weapon)
Armour
 b - a +0 scale mail (worn)
 c - a +0 shield (worn)
Scrolls
 g - a scroll of remove curse {unknown}
Potions
 d - a potion of might
 e - 3 potions of curing {unknown}
Comestibles
 f - a ration


   Skills:
 + Level 3.2 Fighting
 * Level 2.3 Axes
 - Level 2.6 Armour
 - Level 2.6 Shields


You had one spell level left.
You didn't know any spells.

Dungeon Overview and Level Annotations

Branches:
Dungeon (1/15)

Altars:


Innate Abilities, Weirdness & Mutations

When hurt, damage is shared between your health and your magic reserves.


Message History

No target in view!
No target in view!
No target in view!
Found a stone staircase leading down.
No target in view!
No target in view!
No target in view!
No target in view!
No target in view!
No target in view!
No target in view!
No target in view!
No target in view!
No target in view!
You now have 22 gold pieces (gained 6).
You now have 28 gold pieces (gained 6).
e - a murky brown potion No target in view!
No target in view!
No target in view!
No target in view!
No target in view!
No target in view!
No target in view!
No target in view!
No target in view!
No target in view!
No target in view!
No target in view!
No target in view!
No target in view!
No target in view!
No target in view!
No target in view!
No target in view!
A dart slug comes into view.
A bat comes into view.
You block the dart slug's attack.
You slash the dart slug!
You kill the dart slug!
You have reached level 2!
Your demonic ancestry asserts itself...
You feel your magical essence form a protective shroud around your flesh.
The bat hits you but does no damage. You block the bat's attack.
Health restored: 24; MP restored: 2 You miss the bat.
You block the bat's attack. The bat barely misses you.
You closely miss the bat. The bat hits you but does no damage. x2
You block the bat's attack.
You slash the bat!
You kill the bat!
No target in view!
No target in view!
No target in view!
No target in view!
No target in view!
No target in view!
No target in view!
You see here a dart slug corpse.
Found a stone staircase leading down.
No target in view!
No target in view!
No target in view!
No target in view!
No target in view!
No target in view!
No target in view!
No target in view!
No target in view!
No target in view!
A frilled lizard comes into view.
The frilled lizard hisses angrily.
You hit the frilled lizard but do no damage.
The frilled lizard barely misses you.
The frilled lizard bites you but does no damage.
A frilled lizard is nearby!
You barely miss the frilled lizard.
The frilled lizard bites you but does no damage.
You slash the frilled lizard!
You kill the frilled lizard!
No target in view!
No target in view!
No target in view!
No target in view!
No target in view!
No target in view!
No target in view!
No target in view!
You see here a frilled lizard corpse.
You see here a dart slug corpse.
You see here a dagger.
g - a scroll labeled GAUMEV VOSOCVA No target in view!
e - 3 murky brown potions (gained 2)
A kobold comes into view. It is wielding a dagger.
The kobold shouts!
The kobold throws a stone.
The stone hits you but does no damage.
A jackal comes into view.
You see here a stone.
A jackal comes into view.
The jackal barks! x2

...##.#
#####.##.....#
##.##.#
#.....##.#
.##.#
########.# #.#
######### #.#
#.......#####.#
#.............#
#....(..#######
#...@...#
+.......#
#.......#
.........#
...h....?..#
.K...#######
..h.. .....


You could see 2 jackals and a kobold.

Vanquished Creatures
  2 dart slugs (D:1)
  A bat (D:1)
  A giant cockroach (D:1)
  A goblin (D:1)
  A frilled lizard (D:1)
6 creatures vanquished.

Notes
Turn   | Place    | Note
-------+----------+-------------------------------------------
     0 | D:1      | shakethe the Demonspawn Fighter began the quest for the Orb.
     0 | D:1      | Reached XP level 1. HP: 18/18 MP: 1/1
    40 | D:1      | Reached skill level 2 in Axes
   141 | D:1      | Gained mutation: When hurt, damage is shared between your health and your magic reserves. [demonic ancestry]
   141 | D:1      | Reached XP level 2. HP: 24/24 MP: 2/2
   249 | D:1      | Quit the game

Skill      XL: |  1 |
---------------+----+-----
Axes           | 2 |  2.3
Fighting       | |  3.2
Armour         | |  2.6
Shields        | |  2.6

Action                   || total
-------------------------++-------
Melee: War axe           ||    15
Armor: Scale mail        ||    10
Dodge: Dodged            ||     5
Block: Shield            ||     8

Vault maps used:
D:1:      evilmike_arrival_crescent, roderic_roman_lattice

Table legend:
 A = Turns spent in this place as a percentage of turns spent in the entire game.
 B = Non-inter-level travel turns spent in this place as a percentage of non-inter-level travel turns spent in the entire game.
 C = Inter-level travel turns spent in this place as a percentage of turns spent in this place.
 D = Turns resting spent in this place as a percentage of non-inter-level travel turns spent in this place.
 E = Turns spent auto-exploring this place as a percentage of non-inter-level travel turns spent in this place.
 F = Non-inter-level travel turns spent in this place divided by the number of levels of this place that you've seen.
                   A       B       C       D       E      F
               +-------+-------+-------+-------+-------+----------------------
         Total | 100.0 | 100.0 |   0.0 |   0.0 |  88.0 | 249.0
       Dungeon | 100.0 | 100.0 |   0.0 |   0.0 |  88.0 | 249.0
               +-------+-------+-------+-------+-------+----------------------

Table legend:
 A = Kills in this place as a percentage of kills in entire the game.
 B = Kills by you in this place as a percentage of kills by you in the entire game.
 C = Kills by friends in this place as a percentage of kills by friends in the entire game.
 D = Other kills in this place as a percentage of other kills in the entire game.
 E = Experience gained in this place as a percentage of experience gained in the entire game.
 F = Experience gained in this place divided by the number of levels of this place that you have seen.
                   A       B       C       D       E      F
               +-------+-------+-------+-------+-------+----------------------
         Total | 100.0 | 100.0 |   N/A |   N/A | 100.0 |  15.0
       Dungeon | 100.0 | 100.0 |   N/A |   N/A | 100.0 |  15.0
               +-------+-------+-------+-------+-------+----------------------
